 Dungeon Crawl Stone Soup version 0.18.1-48-g4cf74bf (webtiles) character file.

1670 Ladykiller69 the Cleaver (level 9, 0/65 HPs)
             Began as a Formicid Fighter on Aug 17, 2016.
             Was a Believer of Cheibriados.
             Slain by Agnes
             ... wielding a +6 vampiric lajatang
              (2 damage)
             ... on level 15 of the Dungeon.
             The game lasted 00:23:35 (4445 turns).

Ladykiller69 the Cleaver (Formicid Fighter)         Turns: 4445, Time: 00:23:35

Health: 0/65       AC: 15    Str: 33    XL:     9   Next: 21%
Magic:  9/9        EV:  8    Int: 15    God:    Cheibriados [**....]
Gold:   275        SH: 15    Dex: 14    Spells: 0 memorised, 8 levels left

rFire  . . .     SeeInvis +     D - +0 war axe (distort)
rCold  . . .     Gourm    .     C - +4 chain mail
rNeg   . . .     Faith    .     c - +1 shield
rPois  .         Spirit   .     (helmet unavailable)
rElec  .         Dismiss  .     (no cloak)
rCorr  .         Reflect  +     (no gloves)
SustAt .         Harm     .     v - +0 pair of boots
MR     .....                    m - +2 amulet of reflection
Stlth  ..........               (no ring)
                                p - +3 ring of intelligence

@: mighty, flying, very slightly contaminated, invisible, very slow, not
resistant to hostile enchantments, extremely unstealthy
A: permanent stasis, dig shafts and tunnels, four strong arms, antennae 3
a: Dig, Shaft Self, Bend Time, Renounce Religion


You were on level 15 of the Dungeon.
You worshipped Cheibriados.
Cheibriados was pleased with you.
You were near starving.

You visited 2 branches of the dungeon, and saw 11 of its levels.
You also visited: Sewer.

You collected 275 gold pieces.

Inventory:

Hand Weapons
 D - a +0 war axe of distortion (weapon)
Missiles
 e - 6 tomahawks (quivered)
Armour
 b - a +0 scale mail
 c - a +1 shield (worn)
 v - a +0 pair of boots (worn)
 C - a +4 chain mail (worn)
Magical Staves
 u - an uncursed staff of wizardry {unknown}
Jewellery
 m - a +2 amulet of reflection (around neck)
 p - a +3 ring of intelligence (left hand)
 I - a +5 ring of dexterity {unknown}
Wands
 t - a wand of flame (48/48)
Scrolls
 h - 6 scrolls of remove curse
 j - 4 scrolls of identify
 l - a scroll of magic mapping {unknown}
 q - 3 scrolls of amnesia {unknown}
 r - 5 scrolls of teleportation {unknown}
 A - a scroll of enchant armour
 F - a scroll of recharging
 H - 2 scrolls of random uselessness {unknown}
Potions
 d - 4 potions of might
 i - a potion of heal wounds {unknown}
 s - 2 potions of flight
 x - a potion of berserk rage {unknown}
 z - a potion of mutation {unknown}
 B - a potion of cure mutation {unknown}
 E - a potion of beneficial mutation {unknown}
Books
 y - a book of Debilitation

   Spells                             Type                      Level
   a - Corona                         Hexes                        1
   b - Slow                           Hexes                        2
   c - Gell's Gravitas                Hexes/Translocation          3
   d - Inner Flame                    Hexes/Fire                   3
   e - Cause Fear                     Hexes                        4
   f - Leda's Liquefaction            Hexes/Earth                  4
Comestibles
 a - 4 chunks of flesh
 f - 7 bread rations
 k - 3 beef jerkies
 n - 10 fruits
 o - 6 meat rations
 G - 2 slices of pizza


   Skills:
 - Level 4.1 Fighting
 * Level 8.7 Axes
 - Level 5.1 Armour
 + Level 7.8 Shields


You had 8 spell levels left.
You didn't know any spells.

Dungeon Overview and Level Annotations

Branches:
Dungeon (7/15)             Temple (1/1) D:4

Altars:
Ashenzari
Cheibriados
Dithmenos
Fedhas
Gozag
Kikubaaqudgha
Makhleb
Nemelex Xobeh
Okawaru
Pakellas
Ru
Sif Muna
Trog
Vehumet
Xom
Yredelemnul
Zin
The Shining One

Annotations:
D:2 1 exclusion
D:7 Dowan, Duvessa
D:15 Agnes


Innate Abilities, Weirdness & Mutations

You are under a permanent stasis effect.
You can dig through walls and to a lower floor.
Your four strong arms can wield two-handed weapons with a shield.
You have a pair of large antennae on your head (SInv).


Message History

You fly up into the air.
The white ugly thing gurgles horribly! x3
You block Agnes's attack.
A hell knight comes into view. It is wielding a great sword.
Drink which item? (? for menu, Esc to quit)
It was a potion of curing.
You feel better.
The hell knight shouts!
The white ugly thing gurgles horribly! x3
The white ugly thing seems to regain its courage.
Agnes barely misses you.
You completely miss Agnes.
The white ugly thing gurgles horribly!
You hit the deep elf archer.
Space bends around the deep elf archer.
Your attack snaps the deep elf archer out of its fear.
The deep elf archer is lightly wounded.
The hell knight shouts!
The white ugly thing gurgles horribly!
The green ugly thing seems to regain its courage.
Agnes hits you with a vampiric lajatang!
* * * LOW HITPOINT WARNING * * *
Agnes hits you with a vampiric lajatang.
You die...

####
####...####
Z.u.......#
.pu.u.....
..u......
##....i#
#..u.e@#
#......#
#....###
......{
..... .....
{ .... ....
{


You could see Agnes, 5 ugly things, a hell knight (wandering), a deep elf archer
and a wolf spider zombie (wandering).

Vanquished Creatures
  A troll (D:13)
  Sigmund (D:3)
  Eustachio (D:4)
  A wyvern (D:15)
  Purgy (Sewer)
  An orc warrior (D:6)
  A phantom (D:4)
  A giant frog (D:6)
  2 scorpions
  A howler monkey (D:13)
  2 crimson imps
  An orc priest (D:5)
  A jelly (D:6)
  4 orc wizards
  Jessica (D:2)
  2 worker ants
  8 adders
  4 shadow imps
  An ooze (D:5)
  2 adder skeletons (D:4)
  A dart slug (D:3)
  4 giant geckos
  10 orcs
  4 giant cockroaches
  7 goblins
  7 hobgoblins
  9 jackals
  6 quokkas
  5 ball pythons
  4 bats
  10 giant newts
  10 kobolds
  7 rats
121 creatures vanquished.

Vanquished Creatures (others)
  An iguana (D:6)
  An orc (D:6)
2 creatures vanquished.

Grand Total: 123 creatures vanquished

Notes
Turn   | Place    | Note
--------------------------------------------------------------
     0 | D:1      | Ladykiller69 the Formicid Fighter began the quest for the Orb.
     0 | D:1      | Reached XP level 1. HP: 18/18 MP: 1/1
   107 | D:1      | Reached XP level 2. HP: 20/24 MP: 2/2
   293 | D:1      | Reached XP level 3. HP: 28/29 MP: 3/3
  1175 | D:2      | Noticed Jessica
  1183 | D:2      | Killed Jessica
  1183 | D:2      | Reached skill level 3 in Axes
  1183 | D:2      | Reached XP level 4. HP: 19/37 MP: 4/4
  1739 | D:2      | Found an opulent altar of Gozag.
  2091 | D:3      | Found a burning altar of Makhleb.
  2108 | D:3      | Reached XP level 5. HP: 42/42 MP: 5/5
  2128 | D:3      | Found a glowing drain.
  2148 | Sewer    | Entered a sewer
  2181 | Sewer    | Noticed Purgy
  2187 | Sewer    | Killed Purgy
  2187 | Sewer    | Reached skill level 4 in Axes
  2187 | Sewer    | Reached XP level 6. HP: 39/48 MP: 6/6
  2451 | D:3      | Found an ancient bone altar of Kikubaaqudgha.
  2488 | D:3      | Noticed Sigmund
  2495 | D:3      | Killed Sigmund
  2495 | D:3      | Reached skill level 5 in Shields
  2495 | D:3      | Reached XP level 7. HP: 46/54 MP: 7/7
  2765 | D:4      | Reached skill level 5 in Armour
  2823 | D:4      | Reached skill level 5 in Axes
  2837 | D:4      | Found a staircase to the Ecumenical Temple.
  2843 | Temple   | Entered the Ecumenical Temple
  2862 | Temple   | Became a worshipper of Cheibriados the Contemplative
  2933 | D:4      | Found a shattered altar of Ashenzari.
  3272 | D:4      | Noticed a moth of wrath
  3274 | D:4      | Noticed Eustachio
  3300 | D:4      | Killed Eustachio
  3300 | D:4      | Reached skill level 6 in Axes
  3300 | D:4      | Reached XP level 8. HP: 54/60 MP: 8/8
  3308 | D:4      | Found a bloodstained altar of Trog.
  3320 | D:4      | Reached * piety under Cheibriados
  3452 | D:5      | Entered Level 5 of the Dungeon
  3726 | D:5      | Found a sparkling altar of Nemelex Xobeh.
  3728 | D:5      | Found a radiant altar of Vehumet.
  3987 | D:5      | Found an iron altar of Okawaru.
  4138 | D:6      | Reached skill level 7 in Axes
  4221 | D:6      | Reached ** piety under Cheibriados
  4403 | D:7      | Noticed Dowan
  4406 | D:7      | Noticed Duvessa
  4417 | D:7      | You fall through a shaft for 3 floors!
  4417 | D:10     | Entered Level 10 of the Dungeon
  4417 | D:10     | Noticed a hill giant
  4417 | D:10     | Noticed a troll
  4420 | D:10     | You fall through a shaft for 3 floors!
  4421 | D:13     | Noticed a troll
  4425 | D:13     | Killed a troll
  4425 | D:13     | Reached skill level 8 in Axes
  4425 | D:13     | Reached XP level 9. HP: 17/65 MP: 9/9
  4428 | D:13     | Noticed a cyclops
  4430 | D:13     | Noticed a slime creature
  4430 | D:13     | You fall through a shaft for 2 floors!
  4430 | D:15     | Entered Level 15 of the Dungeon
  4430 | D:15     | Noticed a white ugly thing
  4434 | D:15     | Noticed a white ugly thing
  4436 | D:15     | Noticed a deep elf archer
  4437 | D:15     | Noticed a white ugly thing
  4438 | D:15     | Noticed a white ugly thing
  4440 | D:15     | Noticed Agnes
  4441 | D:15     | Noticed a white ugly thing
  4442 | D:15     | Noticed a white ugly thing
  4444 | D:15     | Noticed a hell knight
  4445 | D:15     | HP: 2/65 [Agnes/vampiric lajatang (15)]
  4445 | D:15     | Slain by Agnes

Skill      XL: |  1  2  3  4  5  6  7  8 |
---------------+-------------------------+-----
Shields        | 4 5 6 7 |  7.8
Axes           | 3 4 6 8 |  8.7
Armour         | 4 5 |  5.1
Fighting       | 4 |  4.1

Action                   |  1- 3 |  4- 6 |  7- 9 || total
-------------------------+-------+-------+-------++-------
Melee: War axe           |   129 |   112 |   203 ||   444
 Abil: Dig               |     2 |    19 |     9 ||    30
       Shaft Self        |       |       |     3 ||     3
  Use: Scroll            |       |     8 |     1 ||     9
       Potion            |       |     1 |     4 ||     5
  Eat: Chunk             |     1 |     7 |     5 ||    13
Armor: Scale mail        |    52 |    59 |    52 ||   163
       Chain mail        |       |       |    16 ||    16
Dodge: Dodged            |    43 |    39 |    44 ||   126
Block: Shield            |    65 |    64 |   122 ||   251
       Reflection        |       |       |     3 ||     3
